 Dungeon Sprint DCSS version 0.22-a0-439-gac93bac (webtiles) character file.

32 jerryfan the Slicer (level 3, 0/32 HPs)
             Began as a Gnoll Wanderer on May 29, 2018.
             Slain by a killer bee (10 damage)
             ... in the Dungeon (Sprint IV: "Fedhas' Mad Dash").
             The game lasted 00:02:23 (87 turns).

jerryfan the Slicer (Gnoll Wanderer)                  Turns: 87, Time: 00:02:24

Health: 0/32       AC:  2    Str: 16    XL:     3   Next: 27%
Magic:  5/5        EV: 13    Int:  8    God:
Gold:   65         SH:  0    Dex: 14    Spells: 5/5 levels left

rFire    . . .     SeeInvis .   a - +2 dagger
rCold    . . .     Gourm    .   (no shield)
rNeg     . . .     Faith    .   e - +0 robe
rPois    .         Spirit   .   (no helmet)
rElec    .         Reflect  .   (no cloak)
rCorr    .         Harm     .   (no gloves)
MR       .....     NoTele   +   (no boots)
Stlth    +.........             m - amulet of invisibility {+Inv}
HPRegen  0.10/turn              n - -5 ring of intelligence (curse)
MPRegen  0.09/turn              (no ring)

@: lethally poisoned (0 -> -10), contaminated, glowing, invisible (but backlit
and visible) (expiring)
A: distributed training, fangs 1, strong nose
a: no special abilities


You were in the Dungeon.
You were not hungry.

You visited 1 branch You collected 65 gold pieces.

Inventory:

Hand Weapons
 a - a +2 dagger (weapon)
 d - a +0 short sword
Armour
 e - a +0 robe (worn)
Jewellery
 m - the amulet of invisibility (around neck) {+Inv}
   (You found it in the Dungeon)

   [amulet of nothing]

   It lets you turn invisible.
 n - a cursed -5 ring of intelligence (left hand)
Scrolls
 c - a scroll of teleportation
Potions
 b - 2 potions of haste
 g - a potion of curing
 h - a potion of heal wounds
 i - 2 potions of magic
 j - a potion of berserk rage
Comestibles
 f - a ration
 l - a chunk of flesh


   Skills:
 + Level 4.9 Fighting
 + Level 8.7 Short Blades
 + Level 1.9 Long Blades
 + Level 1.9 Axes
 + Level 1.9 Maces & Flails
 + Level 1.9 Polearms
 + Level 1.9 Staves
 + Level 1.9 Slings
 + Level 1.9 Bows
 + Level 1.9 Crossbows
 + Level 1.9 Throwing
 + Level 1.9 Armour
 + Level 3.2 Dodging
 + Level 4.5 Stealth
 + Level 1.9 Shields
 + Level 1.9 Unarmed Combat
 + Level 1.9 Spellcasting
 + Level 1.5 Conjurations
 + Level 1.5 Hexes
 + Level 1.5 Charms
 + Level 1.5 Summonings
 + Level 1.5 Necromancy
 + Level 1.5 Translocations
 + Level 1.5 Transmutations
 + Level 1.5 Fire Magic
 + Level 1.5 Ice Magic
 + Level 1.5 Air Magic
 + Level 1.5 Earth Magic
 + Level 1.5 Poison Magic
 + Level 2.1 Invocations
 + Level 3.2 Evocations


You had 5 spell levels left.
You didn't know any spells.
Your spell library was empty.

Dungeon Overview and Level Annotations

Branches:
Dungeon (1/1)

Altars:

Annotations:
D exclusion: 2 oklob saplings


Innate Abilities, Weirdness & Mutations

Your experience applies equally to all skills.
You have very sharp teeth.
Your uncanny sense of smell can sniff out nearby items.


Message History

Found 16 gold pieces and a tubular bronze ring.
A burning bush comes into view.
The killer bee stings you!
You are poisoned.
The killer bee poisons you!
Found 16 gold pieces.
There is an open door here.
You feel sick. The killer bee stings you.
You are more poisoned.
The killer bee poisons you!
You see here 10 gold pieces.
Press: ? - help, v - describe, . - travel
Here: a burning bush The floor.
Blink to where?
Press: ? - help, Dir - move target cursor
As you read the scroll of blinking, it crumbles to dust.
You feel sick.
You feel sick. The killer bee stings you! x2
You die...

##################
#<..P#.....#.$...#
#PP..'...÷.'.#)..+
#PPPP#.....#P#...#
###############'##
#...♣..y.yy@.+...#
#%....y♣..y..#.P.#
y..y.♣..♣..######
#+####'##### ∆ ∆
#$$$§+ ∆#P=### ∆
### ∆∆


You could see a burning bush, a queen bee and 4 killer bees.

Vanquished Creatures
  A worker ant (D)
  A river rat (D)
  A rat (D)
3 creatures vanquished.

Notes
Turn   | Place    | Note
-------+----------+-------------------------------------------
     0 | D        | jerryfan the Gnoll Wanderer began the quest for the Orb.
     0 | D        | jerryfan set off with: a +2 dagger, 2 potions of haste, a scroll of teleportation, a +0 short sword, a +0 robe, a ration, a potion of curing, a potion of heal wounds, 2 potions of magic, a potion of berserk rage, a scroll of blinking
     0 | D        | Reached XP level 1. HP: 20/20 MP: 2/2
     8 | D        | Reached skill level 1 in Long Blades
     8 | D        | Reached skill level 1 in Axes
     8 | D        | Reached skill level 1 in Maces & Flails
     8 | D        | Reached skill level 1 in Polearms
     8 | D        | Reached skill level 1 in Staves
     8 | D        | Reached skill level 1 in Slings
     8 | D        | Reached skill level 1 in Bows
     8 | D        | Reached skill level 1 in Crossbows
     8 | D        | Reached skill level 1 in Throwing
     8 | D        | Reached skill level 1 in Armour
     8 | D        | Reached skill level 1 in Shields
     8 | D        | Reached skill level 1 in Unarmed Combat
     8 | D        | Reached skill level 1 in Spellcasting
     8 | D        | Reached skill level 1 in Invocations
     8 | D        | Reached XP level 2. HP: 26/26 MP: 4/4
    19 | D        | Noticed an oklob sapling
    23 | D        | Found the amulet of invisibility {+Inv}
    24 | D        | Reached skill level 1 in Conjurations
    24 | D        | Reached skill level 1 in Hexes
    24 | D        | Reached skill level 1 in Charms
    24 | D        | Reached skill level 1 in Summonings
    24 | D        | Reached skill level 1 in Necromancy
    24 | D        | Reached skill level 1 in Translocations
    24 | D        | Reached skill level 1 in Transmutations
    24 | D        | Reached skill level 1 in Fire Magic
    24 | D        | Reached skill level 1 in Ice Magic
    24 | D        | Reached skill level 1 in Air Magic
    24 | D        | Reached skill level 1 in Earth Magic
    24 | D        | Reached skill level 1 in Poison Magic
    24 | D        | Reached XP level 3. HP: 32/32 MP: 5/5
    44 | D        | Noticed an oklob sapling
    79 | D        | Noticed a queen bee
    79 | D        | Noticed a killer bee
    80 | D        | Noticed a killer bee
    80 | D        | Noticed a killer bee
    80 | D        | Noticed a killer bee
    84 | D        | Noticed a burning bush
    87 | D        | Slain by a killer bee

Vault maps used:
D:        dungeon_sprint_fedhas

Skill      XL: |  1  2 |
---------------+-------+-----
Long Blades    | 1 |  1.9
Axes           | 1 |  1.9
Maces & Flails | 1 |  1.9
Polearms       | 1 |  1.9
Staves         | 1 |  1.9
Slings         | 1 |  1.9
Bows           | 1 |  1.9
Crossbows      | 1 |  1.9
Throwing       | 1 |  1.9
Armour         | 1 |  1.9
Shields        | 1 |  1.9
Unarmed Combat | 1 |  1.9
Spellcasting   | 1 |  1.9
Invocations    | 1 2 |  2.1
Dodging        | 3 |  3.2
Conjurations   | 1 |  1.5
Hexes          | 1 |  1.5
Charms         | 1 |  1.5
Summonings     | 1 |  1.5
Necromancy     | 1 |  1.5
Translocations | 1 |  1.5
Transmutations | 1 |  1.5
Fire Magic     | 1 |  1.5
Ice Magic      | 1 |  1.5
Air Magic      | 1 |  1.5
Earth Magic    | 1 |  1.5
Poison Magic   | 1 |  1.5
Evocations     | 3 |  3.2
Fighting       | |  4.9
Short Blades   | |  8.7
Stealth        | |  4.5

Action                   || total
-------------------------++-------
Melee: Dagger            ||     3
 Abil: Evoke Invisibilit ||     2
  Use: Scroll            ||     1
 Stab: Sleeping          ||     2
Dodge: Dodged            ||     3

Table legend:
 A = Spawn XP
 B = Non-spawn XP
 C = Spawn XP percentage of total XP
 D = Spawn monster count
 E = Non-spawn monster count
 F = Spawn count percentage of total count
 G = Total turns spent on level
                    A         B        C        D         E        F      G
               +---------+---------+-------+---------+---------+-------+---------
         Total |       0 |      47 |   0.0 |       0 |       3 |   0.0 |    87
               +---------+---------+-------+---------+---------+-------+---------
             D |       0 |      47 |   0.0 |       0 |       3 |   0.0 |    87
               +---------+---------+-------+---------+---------+-------+---------
